[Event "FIDE U16 Olympiad_boards_1-80"]
[Site "Eindhoven, Netherlands"]
[Date "2023.08.14"]
[Round "3.26"]
[White "Schippke, Manon"]
[Black "Candian, Lorenzo"]
[Result "1-0"]
[TimeControl "2700+10"]
[WhiteElo "2120"]
[BlackElo "1922"]

1. e4 c5 2. Nf3 Nc6 3. Bb5 Qc7 4. O-O a6 5. Be2 e5 6. Nc3 Nge7 7. Re1 d6 8. Nd5 Nxd5 9. exd5 Ne7 10.
c3 Nxd5 11. d4 Be6 12. dxe5 dxe5 13. Qa4+ Qd7 14. Qxd7+ Kxd7 15. Nxe5+ Kc7 16. Bf3 Rd8 17. a4 Bd6 18. Nc4 Be7 19.
Bxd5 Rxd5 20. Bf4+ Kc6 21. Ne5+ Kb6 22. Nxf7 Bxf7 23. Rxe7 Rhd8 24. Bc7+ 1-0

[Event "FIDE U16 Olympiad_boards_1-80"]
[Site "Eindhoven, Netherlands"]
[Date "2023.08.14"]
[Round "3.27"]
[White "Vincenti, Leonardo"]
[Black "Bat, Bilguun"]
[Result "0-1"]
[TimeControl "2700+10"]
[WhiteElo "2180"]
[BlackElo "2220"]

1. e4 c5 2. Nf3 d6 3. Bb5+ Bd7 4.
Bxd7+ Nxd7 5. O-O Ngf6 6. Qe2 Rc8 7. c4 g6 8. Nc3 Bg7 9. Rd1 O-O 10. d4 cxd4 11. Nxd4 a6 12. a4 Re8 13.
Be3 Qa5 14. Rac1 Qb4 15. b3 e5 16. Na2 Qa3 17. Nf3 Qxb3 18. Rxd6 Qxa4 19. c5 Nxe4 20. Rc4 Qb5 21. Rxd7 Qxd7 22.
Rxe4 f5 23. Rc4 e4 24. Nd2 Qf7 25. g3 Red8 26. Rc2 b5 27. c6 Qe6 28. c7 Rd7 29. Bf4 Be5 30. Bxe5 Qxe5 31. Nb4 Rdxc7 32. Ra2 Rc1+ 33. Kg2 Qd6 34.
Nxa6 R1c2 35. Rxc2 Rxc2 36. Nxe4 Qc6 37. Nb4 Rxe2 38. Nxc6 Rxe4 39. Na7 b4 40. Nc6 b3 0-1

[Event "FIDE U16 Olympiad_boards_1-80"]
[Site "Eindhoven, Netherlands"]
[Date "2023.08.14"]
[Round "3.28"]
[White "Patole, Noam"]
[Black "Zito, Enrica"]
[Result "1-0"]
[TimeControl "2700+10"]
[WhiteElo "1916"]
[BlackElo "1625"]

1. e4 c5 2. Nf3 e6 3. d4 cxd4 4. Nxd4 Nc6 5. Nc3 Qc7 6. Be2 a6 7. O-O Nf6 8. a3 Be7 9. Be3 d6 10. Qd2 Bd7 11. h3 Rd8 12.
Rad1 Nxd4 13. Bxd4 Bc6 14. Qe3 Qc8 15. f4 O-O 16. Bb6 Rde8 17. Bf3 Nd7 18. Ba5 d5 19. Bb4 Bxb4 20. axb4 Nf6 21. e5 Nd7 22. Rfe1 Qb8 23. Qd4 Rc8 24. f5 b5 25. Kh1 exf5 26.
Bxd5 Nb6 27. e6 Bxd5 28. Nxd5 Nxd5 29. Qxd5 fxe6 30. Qxe6+ Kh8 31. c3 Rf6 32. Qd7 Rcf8 33. Re7 Qg3 34.
Rf1 f4 35. Re8 h6 36. Qe7 Rxe8 37. Qxe8+ Kh7 38. Qe4+ Kg8 39. Rd1 Rf8 40. Rd3 Qg5 41. Qe6+ Kh7 42. b3 Rf6 43. Qe4+ Qg6 44.
Qxg6+ Kxg6 45. c4 bxc4 46. bxc4 Rb6 47. Ra3 Kf5 48. c5 Rc6 49. Rd3 Ke5 50. Kg1 a5 51. bxa5 Rxc5 52. Ra3 Rc7 53. a6 Ra7 54. Kf2 g5 55. Kf3 Kf5 56. Ra5+ Kf6 57.
h4 Kg6 58. hxg5 hxg5 59. Ke4 Kf6 60. Kd5 g4 61. Kc6 f3 62. gxf3 g3 63. Kb6 Rxa6+ 64. Rxa6 Kf5 65. Ra8 Kf4 66. Rf8+ Ke3 67. f4 1-0

[Event "FIDE U16 Olympiad_boards_1-80"]
[Site "Eindhoven, Netherlands"]
[Date "2023.08.14"]
[Round "3.29"]
[White "Milikow, Elie"]
[Black "Makridis, Dimitrios"]
[Result "0-1"]
[TimeControl "2700+10"]
[WhiteElo "2319"]
[BlackElo "2264"]

1. e4 c5 2. Nf3 d6 3. d4 cxd4 4. Nxd4 Nf6 5. Nc3 a6 6. f3 e5 7. Nb3 Be6 8. Be3 h5 9. Be2 Nbd7 10.
Nd5 Bxd5 11. exd5 g6 12. O-O Bh6 13. Bxh6 Rxh6 14. Qd2 Rh8 15. Kh1 h4 16. Rfd1 Nh5 17. Qe3 Nf4 18. Bf1 Nf6 19.
c4 N6h5 20. Rd2 Qg5 21. Re1 Ng3+ 22. Kg1 Nf5 23. Qc3 Nh3+ 24. Kh1 Ng3+ 25. hxg3 Nf2+ 26. Kg1 hxg3 27. Rxf2 Rh1+ 0-1

[Event "FIDE U16 Olympiad_boards_1-80"]
[Site "Eindhoven, Netherlands"]
[Date "2023.08.14"]
[Round "3.30"]
[White "Magkalakis, Stefanos"]
[Black "Vagman, Roy"]
[Result "1/2-1/2"]
[TimeControl "2700+10"]
[WhiteElo "2091"]
[BlackElo "2190"]

1. Nf3 d5 2. g3 Nc6 3. d4 Bf5 4. Bg2 Nb4 5. Na3 e6 6. O-O Be7 7. Ne5 Nf6 8. c3 Nc6 9. Qa4 O-O 10.
Nxc6 bxc6 11. Qxc6 Rb8 12. Nb1 Bc2 13. b3 Rb6 14. Qa4 Qc8 15. e3 c6 16. Qxa7 Nd7 17. Ba3 c5 18. Qa4 Ra6 19.
Qb5 Bxb1 20. Bxc5 Nxc5 21. Rfxb1 Nd7 22. Qd3 Ra3 23. Rc1 Nb6 24. Qe2 Qc7 25. c4 Qa7 26. cxd5 Nxd5 27. Bxd5 exd5 28.
Kg2 Ra8 29. Rc2 Rxb3 30. axb3 Qxa1 31. Rc7 Qa3 32. Qb5 Rd8 33. Qb7 Kf8 34. h4 Qb4 35. Qa7 Re8 36. Rb7 Qd6 37. Rd7 Qc6 38.
Rc7 Qe6 39. Qb7 Rd8 40. Rc6 Qe4+ 41.
Kg1 g6 42. Rc8 Rxc8 43. Qxc8+ Kg7 44. Qb7 Bf8 45. Kh2 h6 46. b4 Bd6 47. b5 g5 48. hxg5 hxg5 49. b6 Qc2 50. Kg2 Qe4+ 51. Kg1 Bb4 52.
Qc7 Ba5 53. Qd6 Qb1+ 54. Kg2 Qb5 55. Qe5+ Kg6 56. g4 Qd7 57. b7 Qxb7 58. Qf5+ Kh6 59. Qf6+ Kh7 60. Qf5+ Kg7 61. Qxg5+ Kf8 62. Qh6+ Ke7 63. Qg5+ Kd7 64. Qf5+ Ke8 65. Qe5+ Kd8 66. Qd6+ Ke8 67. Qe5+ Kf8 68.
Qh8+ Ke7 69. Qe5+ Kd7 70. Qf5+ Kc6 71. Qf6+ Kb5 72. Qf5 Kc4 73. Qc2+ Bc3 74. Qa4+ Kd3 75. Qd1+ Bd2 76. Qf3 Qd7 77.
Kf1 Kc3 78. Qd1 Qe6 79. Qa1+ Kb3 80. Qb1+ Kc4 81. Qa2+ Kd3 82.
Qb1+ Kc3 83. Qa1+ Kb3 84. Qb1+ Kc3 85.
Qa1+ Kc2 86. Qa2+ Kc1 87. Qa1+ Kc2 88.
Qa2+ Kc3 89. Qa1+ 1/2-1/2

[Event "FIDE U16 Olympiad_boards_1-80"]
[Site "Eindhoven, Netherlands"]
[Date "2023.08.14"]
[Round "3.31"]
[White "Uritsky, Yonathan"]
[Black "Gkavardinas, Antonios"]
[Result "0-1"]
[TimeControl "2700+10"]
[WhiteElo "2074"]
[BlackElo "1978"]

1. Nc3 d5 2. Nf3 Nf6 3. d3 Bg4 4.
g3 c6 5.
Bg2 Nbd7 6. O-O e5 7. e4 Bc5 8. h3 dxe4 9. hxg4 exf3 10. Qxf3 h6 11. g5 hxg5 12. Bxg5 Qc7 13. Rab1 a5 14.
a3 a4 15. Rfe1 O-O 16. Bh3 Nh7 17. Bd2 Bd4 18. Ne4 g6 19. c3 Bb6 20. g4 Nc5 21. Bh6 Nxe4 22. Rxe4 Rfe8 23. Rbe1 Re7 24.
d4 Rae8 25. g5 exd4 26. Kg2 Qd6 27. c4 Bc7 28. Kf1 Rxe4 29. Rxe4 Re5 30. Rxe5 Qxe5 31. Qg4 Qe7 32. Qxd4 Be5 33. Qe3 Qd6 34. Qe2 Qd4 35.
Bc8 b6 36. Bd7 c5 37. Bxa4 Qxb2 38. Qe4 Qc1+ 39. Kg2 Qf4 40. Qd5 Bd6 41. Be8 Qg4+ 42. Kf1 Qh3+ 43. Ke2 Qg4+ 44. f3 Qg2+ 45.
Kd3 Qf1+ 46. Kc2 Qe2+ 47. Kb3 Qe3+ 48. Ka4 Qxe8+ 0-1

[Event "FIDE U16 Olympiad_boards_1-80"]
[Site "Eindhoven, Netherlands"]
[Date "2023.08.14"]
[Round "3.32"]
[White "Gkoutzouki, Aikaterini Argyro"]
[Black "Orian, Noga"]
[Result "0-1"]
[TimeControl "2700+10"]
[WhiteElo "1548"]
[BlackElo "1866"]

1. d4 Nf6 2. c4 e6 3. Nf3 d5 4. Nc3 dxc4 5. e3 a6 6. a4 b6 7. Bxc4 Bb7 8. O-O Bb4 9. Ne5 O-O 10.
Qb3 Qe7 11. f3 Bd6 12. Nd3 Nbd7 13. e4 e5 14. d5 Nc5 15. Nxc5 Bxc5+ 16. Kh1 Ne8 17. Ne2 Nd6 18. Bd3 f5 19.
exf5 Qf7 20. Qc3 Nxf5 21. Qxe5 Rae8 22. Qxf5 Qxf5 23. Bxf5 Rxf5 24. Ng3 Rxd5 25. b3 Bb4 26. Bf4 Re7 27.
Rac1 c5 28. Ne4 Red7 29. Nf2 Bd2 30. Bxd2 Rxd2 31. Rb1 Re2 32. Nh3 Kf7 33. Kg1 Rd4 34. Rfd1 Red2 35. Rxd2 Rxd2 36. Nf2 Bd5 37.
Ng4 Ke6 38. Ne3 b5 39. axb5 axb5 40. Re1 Kd6 41. Nf5+ Kc6 42. Ne7+ Kd7 43. Nxd5 Rxd5 44. Re2 Rd3 45. Rb2 Kd6 46. Kf2 Kd5 47. Ke2 Kd4 48. Rd2 Rxd2+ 49. Kxd2 h5 50. g3 g6 51. f4 Ke4 52. Ke2 c4 53. bxc4 bxc4 54. Kd2 Kf3 55. Kc3 Kg2 56.
Kxc4 Kxh2 57. Kd4 Kxg3 58. Ke3 h4 59.
Kd4 0-1

[Event "FIDE U16 Olympiad_boards_1-80"]
[Site "Eindhoven, Netherlands"]
[Date "2023.08.14"]
[Round "3.33"]
[White "Borrmann, Laurenz"]
[Black "Pidluznij, Gleb"]
[Result "0-1"]
[TimeControl "2700+10"]
[WhiteElo "2238"]
[BlackElo "2143"]

1. d4 Nf6 2. c4 e6 3. Nf3 a6 4. Nc3 d5 5. cxd5 exd5 6. Bg5 Be6 7. e3 Nbd7 8. Bd3 c6 9. O-O Bd6 10.
Bf4 Qc7 11. Qd2 O-O 12. h3 Nh5 13. Bxd6 Qxd6 14. Rac1 g6 15. Rfe1 Rfe8 16. Na4 Ng7 17. Nc5 Ra7 18. e4 dxe4 19.
Nxe4 Qf8 20. Ne5 Qe7 21. Qf4 Nh5 22. Qh6 Qf8 23. Qg5 Qe7 24. Qe3 Raa8 25. Nxd7 Qxd7 26. g4 Bxg4 27. hxg4 Qxg4+ 28. Kh2 f5 29. Bc4+ Kg7 30.
Qh3 Qxh3+ 31. Kxh3 fxe4 32. Rc3 Rad8 33. Rd1 Nf6 34. Rb3 Re7 35. Be2 Red7 36. Re1 b5 37. Ra3 Rxd4 38. Rxa6 R8d6 39. Ra7+ Kh6 40. Kg3 Kg5 41.
b3 h5 42. Rg1 Rd2 43. Bf1 Ng4 44.
a4 Rxf2 45. axb5 Rf3+ 46. Kg2 Rd2+ 0-1

[Event "FIDE U16 Olympiad_boards_1-80"]
[Site "Eindhoven, Netherlands"]
[Date "2023.08.14"]
[Round "3.34"]
[White "Morkunas, Gustas"]
[Black "Balint, Peter"]
[Result "1-0"]
[TimeControl "2700+10"]
[WhiteElo "2069"]
[BlackElo "2162"]

1. e4 c5 2. Nf3 e6 3. d4 cxd4 4. Nxd4 a6 5.
Nc3 b5 6. Bd3 Bb7 7. O-O Nc6 8. Nxc6 Bxc6 9. Re1 Ne7 10.
Bf1 Ng6 11. Be3 Be7 12. a4 bxa4 13. Nxa4 O-O 14. Nb6 Rb8 15. Rxa6 Qc7 16. c3 d6 17. f3 Rb7 18. b4 Rfb8 19.
Na4 Bxa4 20. Rxa4 Qxc3 21. b5 Bd8 22. Qc1 Qxc1 23. Rxc1 Ne7 24. Kh1 Kf8 25. Ra6 d5 26. Bf4 Rxb5 27.
Bxb5 Rxb5 28. Ra8 Ke8 29. Bc7 Nc6 30. Bxd8 Nxd8 31. exd5 Rxd5 32. Ra7 Rd7 33. Rxd7 Kxd7 34. Kg1 e5 35.
Kf2 Ke6 36. Rc7 Kd6 37. Ra7 Ke6 38. Ke3 Nc6 39. Rb7 Ne7 40. Rb6+ Kd5 41. g4 f6 42. Rb5+ Kc6 43. Ra5 Nd5+ 44.
Ke4 Ne7 45. Ra7 Kd6 46. Ra6+ Kd7 47. h4 Nc8 48. g5 Nd6+ 49.
Kd5 Ne8 50. Ra7+ Nc7+ 51. Ke4 Kc6 52. gxf6 gxf6 53. Kf5 Kd6 54. Kxf6 Nd5 55. Kf5 Ne7+ 56. Rxe7 Kxe7 57. Kxe5 Kf7 58. Kf5 Kg7 59. Ke6 Kf8 60. Kf6 Kg8 61. f4 Kf8 62. h5 Kg8 63. h6 Kf8 64. f5 Ke8 65. Kg7 Ke7 66. f6+ 1-0

[Event "FIDE U16 Olympiad_boards_1-80"]
[Site "Eindhoven, Netherlands"]
[Date "2023.08.14"]
[Round "3.35"]
[White "Ernst, Robert"]
[Black "Rudzkis, Vilius"]
[Result "1-0"]
[TimeControl "2700+10"]
[WhiteElo "2088"]
[BlackElo "1835"]

1. d4 Nf6 2. c4 g6 3. Nc3 d5 4.
Nf3 Bg7 5. Qb3 dxc4 6. Qxc4 O-O 7. e4 Be6 8. d5 Bc8 9. Be2 e6 10. O-O exd5 11. exd5 c6 12. dxc6 Nxc6 13. Rd1 Qa5 14.
Qh4 Qb4 15. Qxb4 Nxb4 16. Bf4 Nc6 17. Nb5 Bf5 18. Nd6 Nh5 19. Be3 Bc2 20. Rd2 Ba4 21. Nxb7 Ne5 22. Nc5 Bc6 23. Nd4 Rac8 24. Nxc6 Rxc6 25. Rad1 Nf6 26. h3 h5 27. b4 Rfc8 28.
Rd8+ Kh7 29. f4 Bh6 30. Kf2 1-0

[Event "FIDE U16 Olympiad_boards_1-80"]
[Site "Eindhoven, Netherlands"]
[Date "2023.08.14"]
[Round "3.36"]
[White "Mickunaite, Agne"]
[Black "Deak-Sala, Emilia"]
[Result "0-1"]
[TimeControl "2700+10"]
[WhiteElo "1681"]
[BlackElo "1910"]

1. c4 e5 2. Nc3 Nc6 3. g3 f5 4. e3 Nf6 5. Bg2 e4 6. d4 d5 7. cxd5 Nb4 8. Bf1 Nbxd5 9. Nge2 Be7 10. a3 O-O 11. Bg2 Kh8 12. Bd2 c6 13. Rc1 Qe8 14.
Nxd5 Nxd5 15. Nc3 Nf6 16. h4 Be6 17. Ne2 Nh5 18. Qc2 Qf7 19. Nf4 Nxf4 20. exf4 Rfd8 21. Be3 Bf6 22. O-O Bxd4 23.
Bxd4 Rxd4 24. Rfe1 Rad8 25. Qc5 a6 26. Qb6 R8d7 27. b4 Qe7 28. Rb1 Qd8 29. Qa7 Rd3 30. a4 Bc4 31. Qc5 Be6 32.
Qa7 Ra3 33. Ra1 Rxa1 34. Rxa1 h6 35. Rb1 Bc4 36. Bh3 b6 0-1

[Event "FIDE U16 Olympiad_boards_1-80"]
[Site "Eindhoven, Netherlands"]
[Date "2023.08.14"]
[Round "3.37"]
[White "Ramaj, Ergit"]
[Black "Dubnevych, Maksym"]
[Result "0-1"]
[TimeControl "2700+10"]
[WhiteElo "2012"]
[BlackElo "2196"]

1. e4 c5 2. Nf3 Nc6 3.
Bb5 g6 4. Bxc6 bxc6 5. O-O Bg7 6. Re1 e5 7. c3 Ne7 8. d4 cxd4 9. cxd4 exd4 10. Nxd4 O-O 11. Nc3 Bb7 12. Nb3 d5 13.
Be3 Re8 14. Bd4 f6 15. Nc5 Bc8 16. exd5 Nxd5 17. Rxe8+ Qxe8 18. Nxd5 cxd5 19. Qf3 Qc6 20. Re1 a5 21. g4 Rb8 22. a3 g5 23. h3 Bf8 24. Ne6 Be7 25.
Nxg5 Rb7 26. Qf4 fxg5 27. Qe5 Qg6 28. Qh8+ Kf7 29. Qxc8 Rb3 30. Qd7 Qd6 31. Qf5+ Kg8 32. Re6 Rf3 33. Qxg5+ Bxg5 34. Rxd6 Rd3 35. Bc3 a4 36. Rd7 h6 37. Kg2 Kf8 38. Rd6 Kf7 39. h4 Bxh4 40.
Rxh6 Bg5 41. Rd6 Be7 42. Ra6 d4 43. Be1 Rd1 44. Bb4 Bxb4 45. axb4 d3 46. Rd6 Rd2 47. Kg3 Rxb2 48. Rxd3 Rb3 49. Rf3+ Rxf3+ 50. Kxf3 a3 0-1

[Event "FIDE U16 Olympiad_boards_1-80"]
[Site "Eindhoven, Netherlands"]
[Date "2023.08.14"]
[Round "3.38"]
[White "Hnatyshyn, Anastasiia"]
[Black "Kosta, Kelvin"]
[Result "1-0"]
[TimeControl "2700+10"]
[WhiteElo "2139"]
[BlackElo "1931"]

1. e4 c6 2. d4 d5 3. e5 c5 4. dxc5 e6 5. a3 Bxc5 6. Qg4 Ne7 7. Nf3 O-O 8. Bd3 Ng6 9. O-O Nc6 10.
Qh5 Nce7 11. Nc3 f6 12. exf6 gxf6 13. Nh4 f5 14. Bh6 Rf7 15. Nf3 e5 16. Ng5 Rf6 17. Nxh7 Kxh7 18. Be3+ Kg7 19.
Qh6+ Kg8 20. Bxc5 Be6 21. f4 e4 22. Bd4 Rf7 23. Be2 Qe8 24. Nb5 Rh7 25. Qg5 Qd8 26. h4 Kf8 27. h5 Nh8 28.
Bxh8 Bf7 29. Bd4 a6 30. Nc3 Nc6 31. Bc5+ Ke8 32. Qxf5 Rg7 33. h6 Rg6 34. Bh5 Rf6 35. Bxf7+ 1-0

[Event "FIDE U16 Olympiad_boards_1-80"]
[Site "Eindhoven, Netherlands"]
[Date "2023.08.14"]
[Round "3.39"]
[White "Boci, Mateo"]
[Black "Fishchuk, Vladyslav"]
[Result "1/2-1/2"]
[TimeControl "2700+10"]
[WhiteElo "1944"]
[BlackElo "2053"]

1. e4 c5 2. Nf3 Nc6 3. d4 cxd4 4. Nxd4 e5 5. Nb5 d6 6. c4 Be6 7.
N1c3 a6 8. Na3 g6 9. Bd3 Bg7 10. O-O Nf6 11. Nc2 Rc8 12. Ne3 O-O 13. Ned5 Bxd5 14. cxd5 Nd4 15. Be3 Nd7 16. Rc1 f5 17.
exf5 Nxf5 18. Ne4 Qe7 19. Qb3 Nxe3 20. fxe3 Rxc1 21. Rxc1 Bh6 22. Be2 Qh4 23. Bf3 Nf6 24. g3 Qh3 25.
Nxf6+ Rxf6 26. Bg2 Qd7 27. Rc3 Qg4 28. Qc2 Rf8 29. Qd2 Bg5 30. Qe1 Bd8 31. h3 Qf5 32. e4 Qh5 33. b4 Bb6+ 34.
Kh2 Kg7 35. a4 a5 36. Rb3 Bf2 37. Qc1 axb4 38. Rxb4 Rf7 39. Rc4 Bc5 40. Rc2 b6 41. Ra2 h6 42. Rc2 g5 43. Qe1 Qg6 44.
a5 b5 45. Bf1 b4 46. Bb5 b3 47. Rg2 Rf3 48. Qe2 Qf7 49. Be8 Qf8 50. Bh5 Rf2 51. Rxf2 Qxf2+ 52. Qxf2 Bxf2 53. Bd1 b2 54.
Bc2 Kf7 55. Kg2 Bd4 56. Kf3 h5 57. Ke2 Ke7 58. Kd3 Kd7 59. Ba4+ Kc7 60. Kc2 Kb7 61. Bb5 Ka7 62. h4 gxh4 63.
gxh4 Kb7 64. Be2 Bf2 65. Kxb2 Bxh4 66. Kb3 Be1 67. a6+ Kb6 1/2-1/2

[Event "FIDE U16 Olympiad_boards_1-80"]
[Site "Eindhoven, Netherlands"]
[Date "2023.08.14"]
[Round "3.40"]
[White "Kovalskyi, Roman"]
[Black "Omeri, Eklea"]
[Result "1-0"]
[TimeControl "2700+10"]
[WhiteElo "1989"]
[BlackElo "1746"]

1. e4 c6 2. d4 d5 3. exd5 cxd5 4. Bd3 Nc6 5. c3 Nf6 6. h3 g6 7. Nf3 Bg7 8. Qc2 Qc7 9. O-O O-O 10. Re1 b6 11. Be3 a5 12. a4 Ba6 13. Na3 Bxd3 14. Qxd3 e6 15.
Nb5 Qb8 16. g3 Nh5 17. Kg2 Re8 18. Qd2 Na7 19. Ne5 Nf6 20. f3 Nxb5 21. axb5 Qc8 22. Nc6 Nd7 23. Bf4 f6 24. g4 Nf8 25.
Bg3 Qd7 26. Qf4 e5 27. dxe5 fxe5 28. Qg5 Ne6 29. Qd2 Nc5 30. Rad1 d4 31. Bxe5 Bxe5 32. Rxe5 Rxe5 33. Nxe5 Qxb5 34.
Qxd4 Qxb2+ 35. Rd2 Qb3 36. c4 Re8 37. Rb2 Qa4 38. Rxb6 Qc2+ 39. Kg3 Ne6 40. Rxe6 Rxe6 41. Qd8+ Kg7 42. Qd7+ 1-0

[Event "FIDE U16 Olympiad_boards_1-80"]
[Site "Eindhoven, Netherlands"]
[Date "2023.08.14"]
[Round "3.41"]
[White "Lavrencic, Matic"]
[Black "Hagner, Bennet"]
[Result "0-1"]
[TimeControl "2700+10"]
[WhiteElo "2220"]
[BlackElo "2221"]

1. Nf3 d5 2. g3 g6 3. Bg2 Bg7 4. d4 Nf6 5. O-O O-O 6. c3 a5 7. a4 b6 8. Bf4 Bb7 9. Nbd2 Nbd7 10.
Ne5 Nh5 11. Nxd7 Qxd7 12. Be3 Rad8 13. Qb3 Nf6 14. h3 h5 15. Kh2 Rfe8 16. Bf4 Qc8 17. Be5 Nd7 18. Bxg7 Kxg7 19. Rad1 Nf6 20.
e3 Qf5 21. Kg1 e5 22. dxe5 Qxe5 23. Nf3 Qe7 24. Nd4 Ne4 25. Qc2 Rd7 26. Rfe1 c5 27. Nb5 h4 28. g4 Ng5 29. f4 Ne4 30.
Bxe4 Qxe4 31. Qxe4 Rxe4 32. b3 Bc6 33. Kf2 d4 34. cxd4 Bxb5 35. axb5 cxd4 36. Kf3 Rde7 37. Rd3 Re8 38. Re2 R8e7 39. Rxd4 Rxd4 40.
exd4 Rc7 41. Re3 Rc2 42. Ke4 Kf6 43.
Kd5 Rc8 44. Ke4 Ke6 45. Kd3+ Kd6 46. Re1 f6 47. f5 gxf5 48. gxf5 Rg8 49. Re4 Rg3+ 50. Kc4 Rxh3 51. Re6+ Kc7 52. Rxf6 Rf3 53. Kd5 h3 54. Rf7+ Kd8 55. Kc6 Rxb3 56. Kxb6 a4 57. Kc6 a3 58. Rd7+ Ke8 59. f6 a2 60. Re7+ Kf8 61.
Ra7 h2 0-1

[Event "FIDE U16 Olympiad_boards_1-80"]
[Site "Eindhoven, Netherlands"]
[Date "2023.08.14"]
[Round "3.42"]
[White "Ermitsch, Magnus"]
[Black "Olenik Campa, Rudi"]
[Result "1/2-1/2"]
[TimeControl "2700+10"]
[WhiteElo "2297"]
[BlackElo "2110"]

1. e4 e6 2. d4 d5 3. Nc3 Nf6 4. e5 Nfd7 5. Nce2 c5 6. c3 cxd4 7. cxd4 f6 8. f4 fxe5 9. fxe5 Qh4+ 10. Ng3 Bb4+ 11. Kf2 O-O+ 12.
Nf3 Nc6 13. Be3 Ba5 14. Kg1 Rxf3 15. gxf3 Bb6 16. f4 g5 17. Qh5 Qxh5 18. Nxh5 gxf4 19. Nxf4 Nxd4 20. Bh3 Nxe5 21. Kg2 Ne2 22.
Nxe2 Bxe3 23. Rhf1 Ng6 24. Rad1 Bd7 25. Rd3 d4 1/2-1/2

[Event "FIDE U16 Olympiad_boards_1-80"]
[Site "Eindhoven, Netherlands"]
[Date "2023.08.14"]
[Round "3.43"]
[White "Skrbec, Leon"]
[Black "Peglau, Dora"]
[Result "1-0"]
[TimeControl "2700+10"]
[WhiteElo "2079"]
[BlackElo "1861"]

1. d4 Nf6 2. c4 e6 3. Nf3 d5 4. g3 Be7 5. Bg2 c6 6. O-O O-O 7. Qc2 Nbd7 8. Nbd2 b6 9. b3 Bb7 10.
Bb2 Rc8 11. e4 dxe4 12. Nxe4 Nxe4 13. Qxe4 Nf6 14. Qc2 c5 15. Rad1 cxd4 16. Bxd4 Qc7 17. Rfe1 Rfd8 18. Be5 Qc5 19. Rxd8+ Rxd8 20. Ng5 Bxg2 21. Bxf6 Bxf6 22. Qxh7+ Kf8 23. Rxe6 fxe6 24. Nxe6+ Ke7 25. Nxc5 Bf3 26. Nd3 Rd4 27.
Nb2 Re4 28. Nd3 Rd4 29. Qf5 Be4 30. Qf4 Bxd3 31. Qe3+ Kf7 32. Kg2 Be4+ 33. f3 Bg6 34. h4 Rd7 35. Qf4 Kg8 36. b4 Kh7 37.
h5 Bd3 38. c5 Rd4 39. Qe3 bxc5 40. bxc5 Bb5 41. g4 Rd3 42. Qe4+ Kg8 43. a4 Bd7 44. Qxd3 Bxa4 45. Qc4+ 1-0

[Event "FIDE U16 Olympiad_boards_1-80"]
[Site "Eindhoven, Netherlands"]
[Date "2023.08.14"]
[Round "3.44"]
[White "Peglau, Charis"]
[Black "Kosak, Karolina"]
[Result "1-0"]
[TimeControl "2700+10"]
[WhiteElo "1937"]
[BlackElo "1364"]

1. Nf3 f5 2. e3 Nf6 3. b3 d6 4. d4 e6 5. Bb2 Be7 6. c4 O-O 7. Nc3 b6 8. Bd3 Bb7 9. O-O Ne4 10.
Nd2 Nxc3 11. Bxc3 Nd7 12. e4 f4 13. e5 dxe5 14. dxe5 Qe8 15. Qg4 Qf7 16. Rad1 Rad8 17. Rfe1 Nc5 18.
Bc2 Nd3 19. Rf1 a5 20. Nf3 Nc5 21. Nd4 Be4 22. Bxe4 Nxe4 23. Bb2 Nc5 24. Ba3 Rde8 25. Nb5 Rc8 26. Na7 Rcd8 27. Nc6 Rxd1 28.
Rxd1 Re8 29. Rd4 Qf5 30. Qxf5 exf5 31. Rxf4 Nd3 32. Nxe7+ Rxe7 33. Bxe7 Nxf4 34. g3 Ne6 35. f4 Kf7 36. Ba3 g5 37. Bc1 g4 38. Be3 Ke7 39. Kf2 Kd7 40. Ke2 c5 41. Kd3 Kc6 42.
Kc3 Nc7 43. a3 Ne6 44. b4 Nc7 45. bxc5 bxc5 46. Kb3 Kb6 47.
Ka4 Ne6 48. Bd2 h5 49. Bxa5+ Ka6 50. Bc3 Kb6 51. Kb3 Ka6 52. a4 Nd8 53. Bd2 Ne6 54.
a5 Nd4+ 55. Ka4 Nc6 56. e6 Ne7 57. Be3 Ng6 58. Bxc5 h4 59. e7 Nxe7 60. Bxe7 hxg3 61. hxg3 Kb7 62. Kb5 Ka7 63. c5 Kb7 64.
c6+ Ka8 65. Kb6 Kb8 1-0

[Event "FIDE U16 Olympiad_boards_1-80"]
[Site "Eindhoven, Netherlands"]
[Date "2023.08.14"]
[Round "3.45"]
[White "Kiladze, Luka"]
[Black "Aswath, S"]
[Result "1/2-1/2"]
[TimeControl "2700+10"]
[WhiteElo "1912"]
[BlackElo "2229"]

1. d4 d5 2. c4 e6 3. Nf3 Nf6 4. g3 dxc4 5. Qa4+ Nbd7 6. Qxc4 a6 7. Bg2 b5 8. Qc6 Rb8 9. Bf4 Bb7 10.
Qxc7 Bb4+ 11. Nbd2 Qxc7 12. Bxc7 Rc8 13. Bf4 Rc2 14. O-O Nd5 15. Rfc1 Rxb2 16. a3 Ba5 17. Rab1 Rxb1 18. Nxb1 f6 19.
Bd2 Bb6 20. e3 Kf7 21. Ne1 Rc8 22. Rxc8 Bxc8 23. Nd3 Bc7 24. Nc3 N5b6 25. Ne4 Nc4 26. Bc1 Ke7 27. Nb4 Ndb6 28. Nc5 a5 29.
Nc6+ Kf7 30. Na7 Nd6 31. Bf1 b4 32. axb4 axb4 33. Bd2 Nd5 34. e4 Nc3 35. e5 fxe5 36. dxe5 Nde4 37. Nxe4 Nxe4 38.
Bxb4 Bb7 39. Nb5 Bxe5 40. Bg2 Kf6 41. f3 Bc6 42. f4 Bb2 43. Bxe4 Bxb5 44. Kg2 h6 45. Ba5 Bd4 46. h4 Bc4 47.
Kf3 h5 48. Bd8+ Kf7 49. Bc7 Bd5 50.
Be5 Bc5 51. f5 Bxe4+ 52. Kxe4 g6 53.
fxe6+ Kxe6 54. Bf4 Bf2 55.
Kf3 Be1 56. Ke4 Bc3 57. Bb8 Bf6 58. Bf4 Be7 59. Bb8 1/2-1/2

[Event "FIDE U16 Olympiad_boards_1-80"]
[Site "Eindhoven, Netherlands"]
[Date "2023.08.14"]
[Round "3.46"]
[White "Adireddy, Arjun"]
[Black "Shamatava, Nikolozi"]
[Result "1-0"]
[TimeControl "2700+10"]
[WhiteElo "1987"]
[BlackElo "1872"]

1. e4 e5 2. Nf3 Nc6 3.
Bb5 a6 4. Ba4 Nf6 5. O-O Nxe4 6. d4 b5 7. Bb3 d5 8. dxe5 Be6 9. c3 Be7 10. Nbd2 O-O 11. Nd4 Nxd4 12. cxd4 Nxd2 13. Bxd2 c5 14.
Be3 c4 15. Bc2 Qd7 16. f4 Bf5 17. Bxf5 Qxf5 18. Qf3 Rad8 19. g4 Qe4 20. Qxe4 dxe4 21. f5 Rd5 22. g5 Bd8 23. Rad1 Bb6 24.
Rf4 Rxe5 25. dxe5 Bxe3+ 26. Rf2 g6 27. f6 h6 28. Kg2 Bxf2 29. Kxf2 hxg5 30. Ke3 Rc8 31. Kxe4 b4 32. Rc1 g4 33. Kd4 Rd8+ 34. Kc5 Re8 35.
Kd5 Rd8+ 36. Ke4 Rc8 37. Rc2 c3 38. bxc3 bxc3 39. Kd4 Rd8+ 40. Kxc3 Rd5 41. Re2 g5 42. Kc4 Ra5 43. Kb4 Rb5+ 44.
Kc4 Ra5 45. Kb4 Rd5 46. Kc4 Ra5 47. Kd4 Kh7 48. Rf2 Kg8 49. Ke4 Ra3 50. Kd5 Rf3 51. Rc2 Kh7 52. Rc8 Kg6 53. Rg8+ Kf5 54.
Kd6 Rf2 55. Ke7 Rxh2 56. Kxf7 g3 57. e6 g2 58. e7 g1=Q 59. e8=Q Qc5 60. Qe6+ Kf4 61. Kg7 Qc2 62. Qd6+ Kg4 63.
Qe6+ Kf4 64. Qd6+ Kg4 65. Rh8 Rf2 66. Qe6+ Rf5 67. f7 Qc3+ 68. Kg8 Kf4 69. Qxf5+ Kxf5 70. f8=Q+ Kg4 71. Rh7 Qc4+ 72. Qf7 Qc8+ 73. Kg7 Qc3+ 74.
Qf6 Qc7+ 75. Kg8 Qc8+ 76. Qf8 Qc4+ 77. Rf7 Qxa2 78. Qc8+ Kh5 79. Qh3+ Kg6 80. Qh7# 1-0

[Event "FIDE U16 Olympiad_boards_1-80"]
[Site "Eindhoven, Netherlands"]
[Date "2023.08.14"]
[Round "3.47"]
[White "Kirtadze, Anastasia"]
[Black "Harsh, Suresh"]
[Result "1/2-1/2"]
[TimeControl "2700+10"]
[WhiteElo "1884"]
[BlackElo "2158"]

1. e4 g6 2. d4 Bg7 3. Nc3 a6 4. Be3 b5 5. a3 Bb7 6. Qd2 d6 7. h4 h6 8. h5 g5 9. f4 gxf4 10.
Bxf4 Nd7 11. Nf3 c5 12. dxc5 Nxc5 13. Bd3 Nf6 14. Qe2 Nfd7 15. O-O Ne6 16. Be3 Ne5 17. Nh4 Bf6 18. Nf5 Qd7 19.
a4 b4 20. Nd5 Bxd5 21. exd5 Nc7 22. Be4 Bg5 23. Ng7+ Kd8 24. Bb6 Qc8 25. Rxf7 Qb7 26. a5 Nxf7 27. Ne6+ Ke8 28. Bg6 Nxd5 29. Qf3 Bf6 30. Be4 Ne5 31.
Qb3 Rc8 32. Bxd5 Qd7 33. Nd4 Rc5 34.
Be6 Qb7 35. Qxb4 Nc4 36. Bxc5 Bxd4+ 37. Kh1 Qxb4 38. Bxb4 Nxb2 39. Rb1 Rf8 40. Ba3 Rf6 41.
Bd5 Rf5 42. Bc6+ Kd8 43. g4 Rxa5 44.
Bxb2 Bxb2 45. Rxb2 Rg5 46. Rb4 Rc5 47. Be4 d5 48. Bg6 a5 49. Ra4 e5 50. g5 hxg5 51. h6 Ke7 52. h7 Rc8 53. Rxa5 Kf6 54. Ra6+ Kg7 55. Bf5 Rf8 56. Rg6+ Kxh7 57.
Rf6+ Kg7 58. Rxf8 Kxf8 59. Be6 d4 60. Bf5 Ke7 61. Kg2 Kf6 62. Be4 g4 63. Kg3 Kg5 64. Bd3 Kh5 65. Bf5 Kg5 66.
Bxg4 e4 67. Bd1 d3 68. c3 Kf5 69. Bg4+ Ke5 70. Bd1 e3 71.
Kf3 e2 72. Bxe2 dxe2 73. Kxe2 Kd5 74. Kd3 Kc5 75. c4 Kc6 76. Kc2 Kc5 77. Kc3 Kc6 78. Kb4 Kb6 79.
c5+ Kc6 80. Kc4 Kc7 81. Kb5 Kb7 82. c6+ Kc7 83. Kc5 Kc8 84. Kc4 Kc7 85. Kb5 Kc8 86. Kc5 Kc7 87. Kd5 Kc8 88. Kd6 Kd8 1/2-1/2

[Event "FIDE U16 Olympiad_boards_1-80"]
[Site "Eindhoven, Netherlands"]
[Date "2023.08.14"]
[Round "3.48"]
[White "Tejaswini, G"]
[Black "Mgeladze, Kesaria"]
[Result "1-0"]
[TimeControl "2700+10"]
[WhiteElo "1733"]
[BlackElo "1660"]

1. d4 Nf6 2. c4 g6 3. Nc3 Bg7 4. Nf3 O-O 5. g3 d6 6. Bg2 c5 7. O-O Nc6 8. d5 Na5 9. Qd3 a6 10.
Bf4 b5 11. Nd2 Rb8 12. Rab1 Nh5 13. cxb5 Nxf4 14. gxf4 axb5 15. b4 cxb4 16. Rxb4 Ba6 17. Rfb1 Nc4 18. Nf3 Qd7 19. Nd4 Ra8 20. Bh3 Qd8 21. Nc6 Qc7 22. Nxb5 Bxb5 23. Rxb5 Na5 24.
Bg2 e6 25. Nxa5 Rxa5 26. dxe6 fxe6 27.
Rb7 Qc5 28. Bh3 e5 29. Qb3+ Kh8 30. f5 Ra3 31. Qe6 gxf5 32. Bxf5 Rc3 33. R1b4 Rc1+ 34. Kg2 Qc6+ 35. Be4 Qc5 36. Bf3 Rg8 37. Rg4 e4 38.
Bxe4 Rf8 39. Bf3 Qe5 40. Rgxg7 Qxg7+ 41. Rxg7 Kxg7 42. Qe7+ Rf7 43. Qg5+ 1-0